 Dungeon Crawl Stone Soup version 0.32-a0-540-g866d13106e (console) character file.

Game seed: 7687663312088667705

28 zenocrate the Insei (level 2, -1/23 HPs)
             Began as a Demonspawn Gladiator on Feb 28, 2024.
             Splashed by a jelly's acid (6 damage)
             ... on level 4 of the Dungeon.
             The game lasted 00:01:22 (1049 turns).

zenocrate the Insei (Demonspawn Gladiator)          Turns: 1049, Time: 00:01:22

Health: -1/23      AC: -4    Str: 14    XL:     2   Next: 96%
Magic:  2/2        EV: 12    Int:  8    God:
Gold:   58         SH:  0    Dex: 14    Spells: 1/1 levels left

rFire   . .          .
                       - Unarmed
rCold   . . .        (no shield)
rNeg    + . .        a - +0 leather armour
rPois   .            b - +0 helmet
rElec   .            (no cloak)
rCorr   .            (no gloves)
SInv    .            (no boots)
Will    .....        (no amulet)
Stlth   +            o - ring of positive energy
HPRegen 0.23/turn    (no ring)
MPRegen 0.08/turn

%: no passive effects
@: corroded
A: demonic guardian 1
a: no special abilities


You were on level 4 of the Dungeon.
You visited 1 branch of the dungeon, and saw 3 of its levels.

You collected 58 gold pieces.

Inventory:

Missiles
 c - 3 throwing nets
 d - a javelin
 n - 7 poisoned darts (quivered)
Armour
 a - a +0 leather armour (worn)
 b - a +0 helmet (worn)
Jewellery
 o - a ring of positive energy (left hand)
Scrolls
 e - 2 scrolls of immolation {unknown}
 f - a scroll of blinking {unknown}
 h - a scroll of identify {unknown}
 i - a scroll of poison
 k - a scroll of revelation {unknown}
 l - a scroll of enchant weapon {unknown}
 t - a scroll of summoning {unknown}
Potions
 g - a potion of brilliance {unknown}
 j - a potion of haste {unknown}
 m - a potion of ambrosia {unknown}
 p - a potion of curing {unknown}
 q - a potion of berserk rage {unknown}
 r - a potion of mutation {unknown}
 s - a potion of invisibility {unknown}


   Skills:
 + Level 2.4 Fighting
 - Level 1.7 Throwing
 - Level 2.6 Dodging
 + Level 3.5 Unarmed Combat


You had one spell level left.
You didn't know any spells.
Your spell library contained the following spells:

 Spells                   Type           Power      Damage    Failure   Level
 Summon Small Mammal      Summ           0%         N/A       50%         1
 Summon Ice Beast         Ice/Summ       0%         N/A       86%         3
 Volatile Blastmotes      Fire/Tloc      0%         2d10      86%         3


Dungeon Overview and Level Annotations

Branches:
Dungeon (2/15)

Altars:


Innate Abilities, Weirdness & Mutations

A weak demonic guardian rushes to your aid.


Message History

No target in view!
Unknown command.
An ogre comes into view. It is wielding a +0 giant spiked club.
The ogre shouts!
A jelly comes into view.
The ogre hits you with a +0 giant spiked club!
Ouch! That really hurt!
A demonic guardian appears!
Unknown command.
The jelly jiggles.
Unknown command.
Your shadow imp barely misses the ogre.
Unknown command.
Okay, then.
You aren't carrying any items that you can evoke.
Unknown command.
Okay, then.
The air fills with toxic fumes!
As you read the scroll labelled MOCEIDGH MEQEAPH, it crumbles to dust.
It was a scroll of poison.
Your shadow imp closely misses the ogre.
Your shadow imp barely misses the ogre.
Unknown command.
Throw: 8 darts (poison)
Press: ? - help, Q - select action, (/) - cycle Shift-Dir - straight line, f - jelly
Aim: a jelly (poison gas, 89% to hit)
You throw a poisoned dart. The poisoned dart hits the jelly.
The jelly is poisoned.
Unknown command.
Unknown command.
You hit the jelly. The acid corrodes you!
Your hands burn!
The jelly is heavily wounded.
Your shadow imp hits the ogre.
The jelly misses you.
Unknown command.
You hit the jelly but do no damage. The acid corrodes you!
Your hands burn!
The jelly is heavily wounded.
Your shadow imp gestures at the ogre.
The ogre writhes in agony.
The jelly hits you.
* * * LOW HITPOINT WARNING * * *
You are splashed with acid.
You die...

....... §§§..
§§§!. §§. ## §§.
§.. #§######§§.#
#§##.§§§§§..
#§####§##§§.§§§..
#§§§§§§@JO§§§§§..
######§##§5§§§§..
#§##.§§§§§..
#§##..§§§§..
§§##...§§§..
############


You could see an ogre (ally target), a jelly (poisoned) and a friendly shadow
imp (summoned).

Vanquished Creatures
  A dart slug (D:2)
  4 bats
  An endoplasm (D:1)
  3 goblins (D:1)
  7 hobgoblins
  2 kobolds
  A quokka (D:1)
  2 ball pythons
21 creatures vanquished.

Notes
Turn   | Place    | Note
-------+----------+-------------------------------------------
     0 | D:1      | zenocrate the Demonspawn Gladiator began the quest for the
                  | Orb.
     0 | D:1      | Reached XP level 1. HP: 16/16 MP: 1/1
     3 | D:1      | Noticed an oni
     3 | D:1      | Noticed a tengu
     5 | D:1      | Noticed a felid
     5 | D:1      | Noticed a naga
     7 | D:1      | Noticed a vine stalker
     7 | D:1      | Noticed a vampire
     9 | D:1      | Noticed a minotaur
     9 | D:1      | Noticed a demonspawn
    11 | D:1      | Noticed an armataur
    11 | D:1      | Noticed a demigod
    13 | D:1      | Noticed a barachi
    15 | D:1      | Noticed a troll
    15 | D:1      | Noticed a gargoyle
    17 | D:1      | Noticed an octopode
    17 | D:1      | Noticed an elf
    19 | D:1      | Noticed a dwarf
    21 | D:1      | Noticed a draconian
    21 | D:1      | Noticed a djinni
    23 | D:1      | Noticed a ghoul
    23 | D:1      | Noticed a spriggan
    27 | D:1      | Noticed a merfolk
    27 | D:1      | Noticed a formicid
    29 | D:1      | Noticed a human
   166 | D:1      | Reached skill level 3 in Unarmed Combat
   219 | D:1      | Got Sif Muna's Anthology of Bringing Forth and Geometries
   414 | D:1      | Gained mutation: A weak demonic guardian rushes to your
                  | aid. [demonic ancestry]
   414 | D:1      | Reached XP level 2. HP: 19/22 MP: 2/2
  1037 | D:2      | You fall into a shaft and drop 2 floors!
  1039 | D:4      | Noticed an ogre
  1049 | D:4      | Splashed by a jelly's acid

Illustrated notes

Levels and vault maps discovered:
D:1:      kb_arrival_jail, layout_basic, serial_bayou_lagoon_a,
          nicolae_the_louvre
D:2:      layout_rooms, serial_shops, shop, minivault_24, chequers_garden,
          kennysheep_generic_room_10
D:4:      layout_rooms, nemelex_spade_bored_becter,
          lemuel_mausoleum_altar_kikubaaqudgha, uniq_ijyb, uniq_menkaure

Skill      XL: |  1 |
---------------+----+-----
Unarmed Combat | 3 |  3.5
Fighting       | |  2.4
Throwing       | |  1.7
Dodging        | |  2.6

Action                     || total
---------------------------++-------
  Melee: Unarmed           ||    98
         Punch             ||     1
  Throw: Dart              ||     1
    Use: Scroll            ||     1
   Stab: Sleeping          ||     1
 Armour: Leather armour    ||    76
  Dodge: Dodged            ||    75

Table legend: (Time is in decaauts)
 A = Elapsed time spent in this place.
 B = Non-inter-level travel time spent in this place.
 C = Inter-level travel time spent in this place.
 D = Time resting spent in this place.
 E = Time spent auto-exploring this place.
 F = Levels seen in this place.
 G = Mean time per level.
                   A        B        C        D        E       F      G
               +--------+--------+--------+--------+--------+-----+--------+
         Total |   1047 |   1031 |     16 |      0 |    791 |   3 |  349.0 |
       Dungeon |   1047 |   1031 |     16 |      0 |    791 |   3 |  349.0 |
               +--------+--------+--------+--------+--------+-----+--------+

Top non-repeatable levels by time:
     D:1: 771 daAuts
     D:2: 263 daAuts
     D:4: 11 daAuts
